 Dungeon Crawl Stone Soup version 0.17.0 (webtiles) character file.

65788 fotsohgehT the Eclecticist (level 14, -3/68 HPs)
             Began as a Deep Elf Fire Elementalist on Nov 6, 2015.
             Was the Champion of Vehumet.
             Slain by a nine-headed hydra (9 damage)
             ... on level 2 of the Lair of Beasts.
             The game lasted 02:25:51 (25573 turns).

fotsohgehT the Eclecticist (DEFE)                  Turns: 25573, Time: 02:25:51

Health: -3/68      AC:  9    Str: 12    XL:     14   Next: 76%
Magic:  46/47      EV: 18    Int: 27    God:    Vehumet [******]
Gold:   345        SH:  0    Dex: 20    Spells: 4 memorised, 29 levels left

rFire  + + .     SeeInvis .     X - +9 hand axe of Dim Light {freeze, rF+ MR++ Str+2 Int-4}
rCold  + . .     Clarity  .     b - +1 robe of Lifelessness {*Drain rElec rC+ Regen+}
rNeg   . . .     SustAt   .     (no shield)
rPois  .         Gourm    .     (no helmet)
rElec  +         Spirit   .     I - +2 cloak {rF+}
rCorr  .         Warding  .     L - +2 pair of gloves
rMut   .         Stasis   .     (no boots)
MR     +++..                    r - amulet of faith
Stlth  +++++.....               T - ring of magical power
                                o - ring of stealth

@: mighty, brilliant, agile, very slightly contaminated, hasted, very quick,
extremely resistant to hostile enchantments, quite stealthy
A: no striking features
a: Renounce Religion


You were on level 2 of the Lair of Beasts.
You worshipped Vehumet.
Vehumet was exalted by your worship.
You were very full.

You visited 4 branches of the dungeon, and saw 23 of its levels.
You also visited: Bailey and Volcano.

You collected 2228 gold pieces.
You spent 1883 gold pieces at shops.

Inventory:

Hand Weapons
 a - a +0 falchion of pain
 i - the +0 whip of the Common Good {speed, rPois}
   (You found it on level 3 of the Lair of Beasts)

   Attacks with this weapon are significantly faster.
   It protects you from poison.
 X - the +9 hand axe of Dim Light (weapon) {freeze, rF+ MR++ Str+2 Int-4}
   (You found it on level 9 of the Dungeon)

   It has been specially enchanted to freeze those struck by it, causing extra
   injury to most foes and up to half again as much damage against particularly
   susceptible opponents.
   It can also slow down cold-blooded creatures.
   It affects your strength (+2).
   It affects your intelligence (-4).
   It protects you from fire.
   It affects your resistance to hostile enchantments.
Armour
 b - the +1 robe of Lifelessness (worn) {*Drain rElec rC+ Regen+}
   (You bought it in a shop on level 9 of the Dungeon)

   It protects you from cold.
   It insulates you from electricity.
   It increases your rate of regeneration.
   It causes draining when unequipped.
 I - a +2 cloak of fire resistance (worn)
 L - a +2 pair of gloves (worn)
Magical Staves
 A - an uncursed staff of conjuration
Jewellery
 l - an uncursed amulet of regeneration
 o - a ring of stealth (left hand)
 r - an amulet of faith (around neck)
 T - a ring of magical power (right hand)
Wands
 k - a wand of digging (8)
 y - a wand of teleportation (4)
 G - a wand of enslavement (12)
 M - a wand of slowing (17)
 Y - a wand of lightning (9)
 Z - a wand of digging (9)
Scrolls
 j - 6 scrolls of enchant weapon
 m - 4 scrolls of amnesia
 q - 10 scrolls of remove curse
 t - 6 scrolls of teleportation
 u - 2 scrolls of fear
 v - 2 scrolls of enchant armour
 x - 5 scrolls of fog
 F - a scroll of silence
 H - a scroll of blinking
 K - 2 scrolls of magic mapping
 R - 5 scrolls of recharging
Potions
 g - 6 potions of agility
 h - 2 potions of heal wounds
 n - 2 potions of flight
 p - a potion of poison {unknown}
 w - a potion of magic
 z - 2 potions of berserk rage
 B - 3 potions of brilliance
 C - 3 potions of curing
 D - a potion of mutation
 E - 2 potions of lignification
 J - a potion of invisibility
 N - a potion of cancellation
 U - a potion of experience {unknown}
Miscellaneous
 s - a crystal ball of energy
 S - a legendary deck of summoning
 W - a sack of spiders
Comestibles
 c - 6 bread rations
 d - 7 meat rations
 O - 4 royal jellies


   Skills:
 - Level 2.4 Dodging
 - Level 2.4 Stealth
 + Level 18.6 Spellcasting
 + Level 15.9 Conjurations
 + Level 16.3 Fire Magic


You had 29 spell levels left.
You knew the following spells:

 Your Spells              Type           Power        Failure   Level  Hunger
b - Airstrike             Air            #####.....   2%          4    None
d - Conjure Ball Lightni  Conj/Air       ######....   1%          6    ##.....
f - Blink                 Tloc           N/A          1%          2    None
i - Fire Storm            Conj/Fire      #######...   38%         9    #######


Dungeon Overview and Level Annotations

Branches:
Dungeon (10/15)            Temple (1/1) D:4            Lair (8/8) D:10
  Swamp (0/4) Lair:5       Spider (0/4) Lair:5        Slime (0/6) Lair:7
    Orc (4/4) D:9             Elf (0/3) Orc:4

Altars:
Ashenzari
Cheibriados
Dithmenos
Elyvilon
Fedhas
Gozag
Kikubaaqudgha
Makhleb
Nemelex Xobeh
Okawaru
Qazlal
Ru
Sif Muna
Trog
Vehumet
Xom
Yredelemnul
Zin
The Shining One
Beogh

Shops:
D:4 ((??*   D:9 [   D:10 [   Orc:2 }   Orc:4 (*([

Annotations:
D:8 exclusion: 2 killer bees
D:10 exclusion: door


Message History

The eight-headed hydra barely misses you.
The eight-headed hydra bites you but does no damage.
The eight-headed hydra bites you.
The eight-headed hydra completely misses you. x2
You slice one of the eight-headed hydra's heads off!
The seven-headed hydra grows two more!
You slice the nine-headed hydra!! You freeze the nine-headed hydra!
The nine-headed hydra is moderately wounded.
The nine-headed hydra bites you!
* * * LOW HITPOINT WARNING * * *
The nine-headed hydra misses you.
The nine-headed hydra bites you but does no damage.
The nine-headed hydra bites you.
* * * LOW HITPOINT WARNING * * *
The nine-headed hydra bites you but does no damage.
The nine-headed hydra bites you!
* * * LOW HITPOINT WARNING * * *
The nine-headed hydra closely misses you.
The nine-headed hydra bites you!
You die...

**,,,,,,,,,,,,P,P,,
*,,,,......,,,,,,,,
*********♣....P#,..P,P,,
****P,P*P*P,♣....#*#..,***,
*P,,,,,,,,,,....###..#,* *,
*,,*PP,PPP,,♣.......P#****,
**,♣♣♣♣♣♣♣♣♣♣..#P....#*....
*,...........##.....###...
##**,.......@D....##.....#...
#..,,.##.....##.......#......
#####..###...##..##.##...........
..#...#.#P...##.###.##...........
.....#......###.....#.....####.#.
#....#..P...##P...........P# ##..
.....#.##...###.#......#####*#..P
.....#......###.#....P.####.##..#
.......♣♣♣......................#


You could see a nine-headed hydra.

Vanquished Creatures
  Rupert (Lair:5)
  Gastronok (Orc:1)
  Kirke (Lair:5)
  Maud (Lair:3)
  3 hydras
  Erolcha (Orc:2)
  A deep troll shaman (Lair:8)
  2 catoblepae
  9 death yaks
  The ghost of Britaniac the Transmogrifier, a novice NaTm of Cheibriados (Bailey)
  2 hill giants (D:10)
  An orb spider (Lair:5)
  An orc sorcerer (Orc:3)
  7 orc knights (Orc:4)
  2 griffons
  Maurice (Orc:1)
  9 elephants
  A torpor snail (Lair:5)
  3 black mambas
  11 spiny frogs
  2 fire drakes
  8 komodo dragons
  A troll (Orc:3)
  A polar bear (Lair:8)
  A queen bee (Lair:4)
  2 two-headed ogres (Volcano)
  12 blink frogs
  2 slime creatures (Lair:7)
  A spriggan (D:9)
  A wyvern (Lair:8)
  4 hogs
  A deep elf mage (D:9)
  A fire bat (Volcano)
  6 hippogriffs
  36 yaks
  2 deep elf fighters
  6 basilisks
  An insubstantial wisp (Lair:6)
  8 wargs (Orc:4)
  5 vampire mosquitoes (Lair:6)
  6 wolves (Lair:8)
  19 water moccasins
  16 porcupines
  54 orc warriors
  A black bear (Lair:4)
  A necrophage (D:8)
  3 phantoms
  An eye of draining (D:9)
  An ice beast (D:7)
  2 sky beasts
  8 ogres
  12 crocodiles
  Blork the orc (D:7)
  24 giant frogs
  A wyvern skeleton (D:7)
  A gnoll sergeant (D:7)
  14 killer bees (Lair:4)
  2 scorpions
  7 jellies
  4 crimson imps
  A centaur zombie (D:8)
  12 wights
  29 orc priests
  3 centaur skeletons
  6 hounds
  A gnoll shaman (D:9)
  Crazy Yiuf (D:3)
  A quasit (D:8)
  Ijyb (D:2)
  13 iguanas
  27 orc wizards
  A giant frog skeleton (D:8)
  11 worker ants
  Terence (D:2)
  7 sheep (Lair:6)
  Robin (D:3)
  13 gnolls
  5 adders
  97 river rats
  2 shadow imps
  A worker ant zombie (D:8)
  2 oozes
  2 adder skeletons
  4 worms
  7 giant geckos
  210 orcs
  8 giant cockroaches
  18 goblins
  12 hobgoblins
  8 quokkas
  A ball python (D:1)
  6 bats
  A giant gecko zombie (D:8)
  5 giant newts
  4 jackals
  A jackal skeleton (D:4)
  22 kobolds
  9 rats
  7 fungi
  11 plants
910 creatures vanquished.

Vanquished Creatures (others)
  13 ball lightnings
  A human (Lair:5)
  A river rat (Lair:5)
  An orc (Orc:2)
  27 fungi
  4 plants
47 creatures vanquished.

Grand Total: 957 creatures vanquished

Notes
Turn   | Place    | Note
--------------------------------------------------------------
     0 | D:1      | fotsohgehT the Deep Elf Fire Elementalist began the quest for the Orb.
     0 | D:1      | Reached XP level 1. HP: 10/10 MP: 6/6
   325 | D:1      | Reached XP level 2. HP: 15/15 MP: 6/8
   576 | D:2      | Reached skill level 4 in Fire Magic
   576 | D:2      | Reached XP level 3. HP: 19/19 MP: 4/9
   577 | D:2      | Found a faded altar to an unknown god.
   768 | D:2      | Found a basalt altar of Yredelemnul.
   949 | D:2      | Reached XP level 4. HP: 24/24 MP: 5/10
  1052 | D:2      | Noticed Terence
  1654 | D:2      | Noticed Ijyb
  1661 | D:2      | Killed Ijyb
  1670 | D:2      | Found a white marble altar of Elyvilon.
  1802 | D:3      | Noticed Robin
  1817 | D:3      | Killed Robin
  1817 | D:3      | Reached XP level 5. HP: 28/28 MP: 4/13
  2212 | D:3      | Found an opulent altar of Gozag.
  2353 | D:3      | Reached skill level 5 in Fire Magic
  2479 | D:3      | Learned a level 5 spell: Fireball
  2926 | D:4      | Found Piveq's Antique Weapon Shop.
  2981 | D:4      | Found Rutsy's Magic Scroll Shop.
  3003 | D:4      | Bought a scroll of identify for 20 gold pieces
  3003 | D:4      | Bought a scroll of identify for 20 gold pieces
  3003 | D:4      | Bought a scroll of teleportation for 30 gold pieces
  3053 | D:4      | Found a staircase to the Ecumenical Temple.
  3109 | D:4      | Noticed an ogre
  3112 | D:4      | Found Ziolijou's Antique Weapon Shoppe.
  3397 | D:4      | Reached XP level 6. HP: 22/32 MP: 9/15
  3447 | Temple   | Entered the Ecumenical Temple
  3480 | Temple   | Became a worshipper of Vehumet
  3505 | D:4      | Reached skill level 5 in Spellcasting
  3684 | D:4      | Found Difrehaf's Assorted Antiques.
  3689 | D:4      | Bought a scroll of identify for 64 gold pieces
  3833 | D:4      | Found Caen Umu's Magic Scroll Boutique.
  3837 | D:4      | Bought a scroll of fog for 20 gold pieces
  4047 | D:5      | Entered Level 5 of the Dungeon
  4126 | D:5      | Found a glowing golden altar of the Shining One.
  4263 | D:5      | Found a shadowy altar of Dithmenos.
  4480 | D:5      | Noticed Blork the orc
  4497 | D:4      | Found a snail-covered altar of Cheibriados.
  4500 | D:4      | ...
  4702 | D:5      | Reached skill level 5 in Conjurations
  4702 | D:5      | Reached XP level 7. HP: 36/36 MP: 13/17
  4904 | D:6      | Reached skill level 6 in Spellcasting
  4999 | D:6      | Found a shadowy altar of Dithmenos.
  5201 | D:6      | Reached * piety under Vehumet
  5201 | D:6      | Offered knowledge of Magic Dart by Vehumet.
  5210 | D:6      | Reached skill level 7 in Spellcasting
  5276 | D:6      | Reached XP level 8. HP: 38/41 MP: 10/20
  5739 | D:7      | Reached skill level 8 in Spellcasting
  5977 | D:7      | Found a blossoming altar of Fedhas.
  6399 | D:7      | Killed Blork the orc
  6522 | D:4      | Killed an ogre
  6609 | D:3      | Noticed Crazy Yiuf
  6610 | D:3      | Killed Crazy Yiuf
  6610 | D:3      | Reached skill level 9 in Spellcasting
  6698 | D:2      | Killed Terence
  6730 | D:2      | Reached ** piety under Vehumet
  6730 | D:2      | Offered knowledge of Freeze by Vehumet.
  7112 | D:7      | Reached XP level 9. HP: 45/45 MP: 9/24
  7771 | D:8      | Offered knowledge of Throw Frost by Vehumet.
  7771 | D:8      | Reached skill level 10 in Spellcasting
  8557 | D:9      | Reached *** piety under Vehumet
  8747 | D:9      | Found Jut Uxag's Weapon Boutique.
  8749 | D:9      | Found a staircase to the Orcish Mines.
  8750 | D:9      | Reached XP level 10. HP: 47/50 MP: 15/26
  8777 | D:9      | Reached skill level 11 in Spellcasting
  8969 | D:9      | Found Rinoblea's Armour Boutique.
  8975 | D:9      | Reached skill level 10 in Fire Magic
  8999 | D:9      | Found a flagged portal.
  9005 | D:9      | Got an ichor-stained hand axe
  9008 | Bailey   | Entered a bailey
  9047 | Bailey   | Noticed Britaniac's ghost (novice NaTm)
  9050 | Bailey   | Offered knowledge of Airstrike by Vehumet.
  9056 | Bailey   | Learned a level 4 spell: Airstrike
  9577 | Bailey   | Killed Britaniac's ghost
  9687 | D:9      | Identified the +9 hand axe of Dim Light {freeze, rF+ MR++ Str+2 Int-4} (You found it on level 9 of the Dungeon)
  9702 | D:9      | Found a sacrificial altar of Ru.
  9729 | D:9      | Found a shimmering altar of Xom.
  9732 | D:9      | Found a deep blue altar of Sif Muna.
  9740 | D:9      | Reached skill level 10 in Conjurations
 10193 | D:10     | Entered Level 10 of the Dungeon
 10282 | D:10     | Noticed a hill giant
 10306 | D:10     | Reached **** piety under Vehumet
 10332 | D:10     | Reached skill level 12 in Spellcasting
 10334 | D:10     | Offered knowledge of Lightning Bolt by Vehumet.
 10433 | D:10     | Found a staircase to the Lair.
 10473 | D:10     | Found Huilat's Armour Shop.
 10493 | D:10     | Bought the +2 robe "Cafuwnas" {rF++ MP+9 Dex+2 SInv} for 479 gold pieces
 10648 | D:10     | Killed a hill giant
 10905 | D:10     | Reached XP level 11. HP: 54/54 MP: 29/29
 10932 | D:10     | Noticed a hill giant
 10935 | D:10     | Killed a hill giant
 11479 | D:4      | Bought a scroll labeled JIEHAO AXIGINAC for 32 gold pieces
 11479 | D:4      | Bought a scroll labeled JIEHAO AXIGINAC for 32 gold pieces
 11505 | D:4      | Bought a scroll of enchant weapon for 75 gold pieces
 11505 | D:4      | Bought a scroll of identify for 20 gold pieces
 11505 | D:4      | Bought a scroll of teleportation for 30 gold pieces
 11505 | D:4      | Bought a scroll of teleportation for 30 gold pieces
 11505 | D:4      | Bought a scroll of recharging for 95 gold pieces
 11505 | D:4      | Bought 3 scrolls of enchant weapon for 225 gold pieces
 11505 | D:4      | Bought a scroll of enchant armour for 75 gold pieces
 11505 | D:4      | Bought a scroll of recharging for 95 gold pieces
 11646 | Lair:1   | Entered Level 1 of the Lair of Beasts
 11789 | Lair:1   | Reached skill level 13 in Spellcasting
 12182 | Lair:1   | Learned a level 4 spell: Sticky Flame
 12188 | Lair:1   | Learned a level 5 spell: Lightning Bolt
 13162 | Lair:3   | Got a warped whip
 13163 | Lair:3   | Identified the cursed +0 whip of the Common Good {speed, rPois} (You found it on level 3 of the Lair of Beasts)
 13176 | Lair:3   | Noticed Maud
 13593 | Lair:3   | Reached ***** piety under Vehumet
 13595 | Lair:3   | Offered knowledge of Conjure Ball Lightning by Vehumet.
 13606 | Lair:3   | Learned a level 6 spell: Conjure Ball Lightning
 13664 | Lair:3   | Reached skill level 14 in Spellcasting
 13876 | Lair:3   | Found an ancient bone altar of Kikubaaqudgha.
 14392 | Lair:4   | Found a dark tunnel.
 14507 | Volcano  | Entered a volcano
 14739 | Volcano  | Reached XP level 12. HP: 56/59 MP: 32/32
 15870 | Lair:4   | Noticed a six-headed hydra
 15874 | Lair:4   | Killed a six-headed hydra
 15874 | Lair:4   | Reached skill level 15 in Spellcasting
 16493 | Lair:5   | Found a staircase to the Swamp.
 16711 | Lair:5   | Noticed Kirke
 16722 | Lair:5   | Killed Kirke
 16726 | Lair:5   | Noticed Rupert
 16880 | Lair:5   | Offered knowledge of Bolt of Fire by Vehumet.
 17102 | Lair:5   | Killed Rupert
 17188 | Lair:5   | Reached XP level 13. HP: 63/63 MP: 22/34
 17530 | Lair:5   | Found a hole to the Spider Nest.
 17533 | Lair:5   | Reached skill level 16 in Spellcasting
 18458 | Lair:6   | Learned a level 2 spell: Blink
 19512 | Lair:7   | Offered knowledge of Venom Bolt by Vehumet.
 19745 | Lair:7   | Found a staircase to the Slime Pits.
 19834 | Lair:8   | Entered Level 8 of the Lair of Beasts
 19949 | Lair:8   | Reached skill level 17 in Spellcasting
 20013 | Lair:7   | Reached skill level 15 in Fire Magic
 20211 | Lair:8   | Offered knowledge of Irradiate by Vehumet.
 20477 | Lair:8   | Learned a level 5 spell: Phase Shift
 20881 | Lair:8   | Reached XP level 14. HP: 57/68 MP: 31/37
 21034 | Lair:8   | Reached skill level 15 in Conjurations
 21578 | Lair:3   | Killed Maud
 21820 | D:4      | Bought a dazzling dagger for 203 gold pieces
 21820 | D:4      | Identified the +2 dagger of Dask {pierce, +Blink} (You bought it in a shop on level 4 of the Dungeon)
 21949 | D:9      | Bought the +1 robe of Lifelessness {*Drain rElec rC+ Regen+} for 274 gold pieces
 21962 | Orc:1    | Entered Level 1 of the Orcish Mines
 21983 | Orc:1    | Noticed Gastronok
 22124 | Orc:1    | Offered knowledge of Freezing Cloud by Vehumet.
 22127 | Orc:1    | Killed Gastronok
 22127 | Orc:1    | Reached skill level 18 in Spellcasting
 22141 | Orc:1    | Learned a level 6 spell: Freezing Cloud
 23071 | Orc:4    | Entered Level 4 of the Orcish Mines
 23116 | Orc:3    | Reached ****** piety under Vehumet
 23116 | Orc:3    | Offered knowledge of Delayed Fireball by Vehumet.
 23536 | Orc:4    | ...
 23536 | Orc:4    | fkn wizard
 23715 | Orc:4    | Found a staircase to the Elven Halls.
 24127 | Orc:4    | Found Devoesh's Armour Emporium.
 24127 | Orc:4    | Found Zemif's Antique Weapon Boutique.
 24162 | Orc:4    | Found a roughly hewn altar of Beogh.
 24174 | Orc:4    | Found Jumug's Assorted Antiques.
 24174 | Orc:4    | Found Tadgh's Antique Weapon Boutique.
 24179 | Orc:4    | Bought a potion of brilliance for 64 gold pieces
 24179 | Orc:4    | no storm (((
 24239 | Orc:4    | Offered knowledge of Ozocubu's Refrigeration by Vehumet.
 24241 | Orc:4    | vah plz
 24616 | Orc:2    | Found Saeniuc's Gadget Boutique.
 24657 | Orc:2    | Noticed Erolcha
 24659 | Orc:2    | Killed Erolcha
 24912 | Orc:1    | Noticed Maurice
 24914 | Orc:1    | Killed Maurice
 25275 | Orc:1    | Offered knowledge of Fire Storm by Vehumet.
 25275 | Orc:1    | Offered knowledge of Chain Lightning by Vehumet.
 25275 | Orc:1    | Offered knowledge of Tornado by Vehumet.
 25276 | Orc:1    | finally
 25404 | Lair:2   | Learned a level 9 spell: Fire Storm
 25573 | Lair:2   | Slain by a nine-headed hydra

Action                   |  1- 3 |  4- 6 |  7- 9 | 10-12 | 13-15 || total
-------------------------+-------+-------+-------+-------+-------++-------
Melee: Unarmed           |     1 |       |       |       |       ||     1
       Dagger            |       |    22 |    36 |       |       ||    58
       Staff             |       |       |     1 |     3 |     2 ||     6
       Hand axe          |       |       |       |    21 |    14 ||    35
       Whip              |       |       |       |     9 |       ||     9
Throw: Stone             |       |     1 |     3 |     1 |       ||     5
 Cast: Flame Tongue      |    53 |   159 |   266 |    93 |       ||   571
       Fireball          |       |       |    26 |   210 |   340 ||   576
       Airstrike         |       |       |       |    77 |    83 ||   160
       Sticky Flame      |       |       |       |     2 |     1 ||     3
       Conjure Ball Ligh |       |       |       |     1 |     5 ||     6
       Lightning Bolt    |       |       |       |       |    13 ||    13
       Blink             |       |       |       |       |    13 ||    13
       Freezing Cloud    |       |       |       |       |     1 ||     1
       Phase Shift       |       |       |       |       |     1 ||     1
Evoke: Wand              |       |     1 |       |     1 |     1 ||     3
  Use: Scroll            |       |     6 |     6 |    15 |    13 ||    40
       Potion            |       |       |       |     4 |     9 ||    13
 Stab: Sleeping          |       |     1 |       |     1 |       ||     2
  Eat: Chunk             |       |    11 |    18 |    18 |    15 ||    62
       Fruit             |       |       |     1 |     4 |     1 ||     6
       Bread ration      |       |       |       |     4 |     1 ||     5
       Beef jerky        |       |       |       |     1 |       ||     1
       Royal jelly       |       |       |       |       |     4 ||     4
       Pizza             |       |       |       |       |     1 ||     1
       Meat ration       |       |       |       |       |     1 ||     1
